 Dungeon Crawl Stone Soup version 0.30-a0-23-ge60ba3568b (webtiles) character file.

Game seed: 5562995246089533039

4752 SensoryNuts the Cleaver (level 10, -4/86 HPs)
             Began as a Minotaur Fighter on Aug 24, 2022.
             Slain by an orc warrior
             ... wielding a +0 hand axe
              (13 damage)
             ... on level 8 of the Dungeon.
             The game lasted 00:10:26 (8556 turns).

SensoryNuts the Cleaver (Minotaur Fighter)          Turns: 8556, Time: 00:10:27

Health: -4/86      AC: 19    Str: 20    XL:     10   Next: 23%
Magic:  9/9        EV: 11    Int: 16    God:
Gold:   2377       SH: 11    Dex: 15    Spells: 9/9 levels left

rFire   . . .      SeeInvis .    G - +4 broad axe "Muyceir" {protect, rN+ Int+3}
rCold   . . .      Faith    .    c - +0 buckler
rNeg    + . .      Spirit   .    b - +0 scale mail
rPois   .          Reflect  +    (helmet restricted)
rElec   +          Harm     .    y - +0 cloak
rCorr   .          Rampage  .    z - +0 pair of gloves
Will    .....      NoTele   +    f - +0 pair of boots
Stlth   ..........               C - amulet "Myps" {Reflect -Tele rElec Int+8 SH+5}
HPRegen 0.24/turn                (no ring)
MPRegen 0.11/turn                (no ring)

@: under a protective aura, hasted, very quick
A: horns 2, retaliatory headbutt
a: no special abilities


You were on level 8 of the Dungeon.
You visited 2 branches of the dungeon, and saw 9 of its levels.

You collected 2377 gold pieces.

Inventory:

Hand Weapons
 G - the +4 broad axe "Muyceir" (weapon) {protect, rN+ Int+3}
   (You acquired it on level 7 of the Dungeon)

   It grants its wielder temporary protection when it strikes (+7 to AC).
   Int:       It affects your intelligence (+3).
   rN:        It protects you from negative energy.
Missiles
 s - a throwing net (quivered)
Armour
 b - a +0 scale mail (worn)
 c - a +0 buckler (worn)
 f - a +0 pair of boots (worn)
 y - a +0 cloak (worn)
 z - a +0 pair of gloves (worn)
Jewellery
 d - a ring of positive energy
 h - a ring of willpower
 C - the amulet "Myps" (around neck) {Reflect -Tele rElec Int+8 SH+5}
   (You acquired it on level 7 of the Dungeon)

   [amulet of reflection]

   It reflects blocked missile attacks.
   Int:       It affects your intelligence (+8).
   rElec:     It insulates you from electricity.
   -Tele:     It prevents most forms of teleportation.
   SH:        It affects your SH (+5).
Wands
 e - a wand of quicksilver (11)
 m - a wand of roots (14)
 w - a wand of digging (4)
 A - a wand of charming (9)
Scrolls
 g - 2 scrolls of magic mapping
 i - 3 scrolls of teleportation
 l - 3 scrolls of noise
 o - 2 scrolls of immolation
 q - a scroll of vulnerability
 t - a scroll of fear
Potions
 j - 3 potions of curing
 k - a potion of heal wounds
 n - a potion of brilliance
 u - a potion of lignification
 v - a potion of degeneration


   Skills:
 + Level 7.3 Fighting
 * Level 13.7 Axes
 + Level 7.5 Armour
 + Level 3.1 Dodging
 + Level 1.4 Stealth
 + Level 6.8 Shields


You had 9 spell levels left.
You didn't know any spells.
Your spell library was empty.

Dungeon Overview and Level Annotations

Branches:
Dungeon (8/15)             Temple (1/1) D:6
   Lair: D:8-11

Altars:
Ashenzari
Cheibriados
Dithmenos
Elyvilon
Hepliaklqana
Kikubaaqudgha
Makhleb
Okawaru
Qazlal
Ru
Sif Muna
Trog
Uskayaw
Vehumet
Wu Jian
Xom
Yredelemnul
Zin
The Shining One

Annotations:
D:7 3 runed translucent doors, siradein's ghost, novice DrTm
D:8 Amaemon; Maggie


Innate Abilities, Weirdness & Mutations

You have a pair of horns on your head.
You reflexively headbutt those who attack you in melee.


Message History

Joseph shoots a sling bullet.
The sling bullet hits you. Something hits you but does no damage.
You slash something!
Your weapon exudes an aura of protection.
You headbutt something. You slash the centaur!
The centaur unwields a +0 shortbow.
You block the centaur's attack. The centaur barely misses you.
You slice something!!
Reactivating autopickup.
You feel a bit more experienced.
You slash the centaur!
You kill the centaur!
Your Dodging skill increases to level 3!
Joseph tries to grin evilly.
Items here: " $ ) / ? [ }.
You slash the shadow imp!
You kill the shadow imp!
A nearby plant withers and dies.
Joseph unwields a +0 sling.
Joseph wields a +2 quarterstaff of speed.
Joseph hits you with a +2 quarterstaff of speed!
You block the orc priest's attack. Maggie closely misses you.
You see here a +0 shortbow.
You hit Joseph.
Joseph is severely wounded.
You hit the orc priest.
Joseph hits you with a +2 quarterstaff of speed!
The orc priest hits you but does no damage.
You slice Joseph!!
You kill Joseph!
You barely miss the orc priest. Maggie casts a spell at you.
The bolt of fire hits you!!
* * * LOW HITPOINT WARNING * * *
You hit the orc warrior. Your headbutt misses the orc warrior.
The orc warrior is lightly wounded.
You hit the orc priest.
The orc priest hits you but does no damage.
Maggie hits you from afar with a +2 halberd of pain.
* * * LOW HITPOINT WARNING * * *
The orc warrior hits you with a +0 hand axe!
You die...

~P# ♣.♣ ♣♣P#. ♣.♣ ♣~~..
♣♣.♣ ♣~~P.. ♣..♣♣
♣~~P..###...♣ ######
~~~...o....#######.....
~~~#..#@D..c.c.c.o..####
......oo##..†...........
...#.##@##########.o....
.. #)..# #.c....
.......##......# #.....D
##.###. #####.. .......
## #...... #...... ?. .


You could see Maggie, a steam dragon, an orc warrior, an orc priest and an orc.

Vanquished Creatures
  Pikel (D:7)
  Maurice (D:8)
  Joseph (D:8)
  A hornet (D:5)
  A yak (D:7)
  A steam dragon (D:7)
  2 water moccasins
  A sky beast (D:5)
  An ice beast (D:6)
  2 black bears (D:5)
  4 ogres
  2 phantoms (D:5)
  7 centaurs
  A lemure (D:7)
  A bullfrog (D:6)
  A wyvern zombie (D:7)
  A necrophage (D:5)
  A scorpion (D:5)
  6 killer bees
  5 howler monkeys (D:7)
  A centaur zombie (D:7)
  A jelly (D:4)
  3 orc priests
  9 hounds
  A gnoll bouda (D:5)
  4 iguanas (D:5)
  2 orc wizards
  Robin (D:3)
  9 gnolls
  8 adders
  2 shadow imps
  3 white imps
  3 worms
  5 dart slugs
  26 orcs
  6 ball pythons
  4 bats
  8 endoplasms
  4 giant cockroaches
  20 goblins
  5 hobgoblins
  2 jackals (D:1)
  3 quokkas
  A frilled lizard (D:3)
  10 kobolds
  8 rats
190 creatures vanquished.

Vanquished Creatures (others)
  An orc (D:8)
  11 plants (D:8)
12 creatures vanquished.

Grand Total: 202 creatures vanquished

Notes
Turn   | Place    | Note
-------+----------+-------------------------------------------
     0 | D:1      | SensoryNuts the Minotaur Fighter began the quest for the
                  | Orb.
     0 | D:1      | Reached XP level 1. HP: 19/19 MP: 0/0
    56 | D:1      | Reached XP level 2. HP: 19/27 MP: 1/1
   170 | D:1      | Reached skill level 3 in Axes
   183 | D:1      | Reached XP level 3. HP: 33/33 MP: 2/2
   382 | D:1      | Found a faded altar of an unknown god.
   670 | D:2      | Found a shadowy altar of Dithmenos.
  1034 | D:2      | You fall into a shaft and drop 1 floor!
  1041 | D:3      | Reached skill level 4 in Axes
  1184 | D:3      | Reached XP level 4. HP: 7/40 MP: 3/3
  1595 | D:2      | Reached skill level 5 in Axes
  1595 | D:2      | Reached XP level 5. HP: 46/46 MP: 4/4
  1959 | D:3      | Reached skill level 1 in Dodging
  1963 | D:3      | Found a glowing golden altar of the Shining One.
  2088 | D:3      | Noticed Robin
  2100 | D:3      | Killed Robin
  2512 | D:3      | Identified a scroll of acquirement
  2512 | D:3      | Acquired 900 gold pieces
  2776 | D:4      | Noticed an ogre
  2780 | D:4      | Killed an ogre
  2781 | D:4      | Reached skill level 6 in Axes
  2781 | D:4      | Reached XP level 6. HP: 52/52 MP: 5/5
  3048 | D:4      | Found a hazy altar of Hepliaklqana.
  3364 | D:5      | Entered Level 5 of the Dungeon
  3652 | D:5      | Reached skill level 7 in Axes
  3740 | D:5      | Reached XP level 7. HP: 54/60 MP: 6/6
  4077 | D:5      | Reached skill level 8 in Axes
  4079 | D:5      | Reached skill level 5 in Armour
  4276 | D:5      | Reached skill level 9 in Axes
  4460 | D:5      | Reached skill level 5 in Fighting
  4460 | D:5      | Reached XP level 8. HP: 52/68 MP: 7/7
  4703 | D:5      | Reached skill level 10 in Axes
  4871 | D:5      | Noticed a hornet
  4880 | D:5      | Killed a hornet
  4881 | D:5      | Reached skill level 11 in Axes
  4990 | D:5      | Reached skill level 5 in Shields
  5463 | D:6      | Reached XP level 9. HP: 72/75 MP: 8/8
  5605 | D:6      | Found a staircase to the Ecumenical Temple.
  5637 | Temple   | Entered the Ecumenical Temple
  5863 | D:6      | Found a broken altar of Ashenzari.
  5865 | D:6      | Found a snail-covered altar of Cheibriados.
  6212 | D:6      | Reached skill level 12 in Axes
  6688 | D:7      | Noticed Pikel
  6700 | D:7      | Killed Pikel
  6758 | D:7      | Reached skill level 1 in Stealth
  6970 | D:7      | Reached skill level 13 in Axes
  7379 | D:7      | Found a runed translucent gate.
  7379 | D:7      | Found a runed translucent gate.
  7379 | D:7      | Found a runed translucent gate.
  7379 | D:7      | Noticed siradein's ghost (novice DrTm)
  7381 | D:7      | Found a basalt altar of Yredelemnul.
  7936 | D:7      | Acquired the amulet "Myps" {Reflect -Tele rElec Int+8 SH+5}
  7943 | D:7      | Acquired the +4 broad axe "Muyceir" {protect, rN+ Int+3}
  7948 | D:7      | Acquired 1003 gold pieces
  8363 | D:8      | Noticed Amaemon
  8363 | D:8      | Noticed an orange demon
  8493 | D:7      | Reached XP level 10. HP: 79/86 MP: 9/9
  8505 | D:8      | Noticed Maggie
  8505 | D:8      | Noticed Joseph
  8520 | D:8      | Noticed Maurice
  8550 | D:8      | Killed Maurice
  8555 | D:8      | Killed Joseph
  8556 | D:8      | Slain by an orc warrior

Illustrated notes

Levels and vault maps discovered:
D:1:      dpeg_arrival_rooms_c, layout_rooms, ebering_ecumenical_altar_webs
D:2:      layout_loops_ring, basic_altar
D:3:      layout_basic, mainiacjoe_overflow_paths, uniq_robin
D:4:      layout_loops_cross, mainiacjoe_overflow_boulevard,
          hangedman_abyss_or_decor_passed
D:5:      kennysheep_windowed_halls, layout_basic,
          corexii_item_surrounded_by_moat, minmay_fractal_squares_5
D:6:      layout_basic, nicolae_overflow_hidden_temple,
          minmay_temple_entry_statues_fountains
D:7:      layout_cave_pods, nicolae_yredelemnul_ghost_church,
          serial_column_ruins, column_ruins_hut_water, column_ruins_hut,
          column_ruins_open_tiny, column_ruins_corridor_straight,
          column_ruins_grid_4, item_on_display_a, uniq_pikel
D:8:      layout_rooms, fedhas_altar_4, serial_bayou, serial_bayou_shore_a,
          serial_bayou_pond_b, serial_bayou_lagoon_a, serial_bayou_pond_c,
          onia_ninara_dug_in_and_dangerous, uniq_maurice, uniq_amaemon,
          uniq_maggie, uniq_joseph
Temple:   nicolae_temple_great_sept

Skill      XL: |  1  2  3  4  5  6  7  8  9 10 |
---------------+-------------------------------+-----
Shields        | 4 5 6 |  6.8
Axes           | 3 4 5 6 7 9 11 13 | 13.7
Fighting       | 4 5 7 |  7.3
Armour         | 4 5 6 7 |  7.5
Dodging        | 1 2 3 |  3.1
Stealth        | 1 |  1.4

Action                   |  1- 3 |  4- 6 |  7- 9 | 10-12 || total
-------------------------+-------+-------+-------+-------++-------
Melee: War axe           |    95 |   125 |   261 |       ||   481
       Headbutt          |    13 |    17 |    63 |     3 ||    96
       Broad axe         |       |       |     4 |    18 ||    22
  Use: Potion            |     1 |     3 |     4 |     3 ||    11
       Scroll            |       |     8 |     9 |       ||    17
Armor: Scale mail        |    46 |    59 |   129 |    17 ||   251
Dodge: Dodged            |    46 |    63 |   144 |    15 ||   268
Block: Buckler           |    25 |    41 |    54 |    23 ||   143
       Reflection        |       |       |       |     8 ||     8

Table legend: (Time is in decaauts)
 A = Elapsed time spent in this place.
 B = Non-inter-level travel time spent in this place.
 C = Inter-level travel time spent in this place.
 D = Time resting spent in this place.
 E = Time spent auto-exploring this place.
 F = Levels seen in this place.
 G = Mean time per level.
                   A        B        C        D        E       F      G
               +--------+--------+--------+--------+--------+-----+--------+
         Total |   8614 |   8161 |    453 |    678 |   6113 |   9 |  957.1 |
       Dungeon |   8532 |   8079 |    453 |    678 |   6055 |   8 | 1066.5 |
        Temple |     82 |     82 |      0 |      0 |     58 |   1 |   82.0 |
               +--------+--------+--------+--------+--------+-----+--------+

Top non-repeatable levels by time:
     D:5: 2099 daAuts
     D:7: 1819 daAuts
     D:6: 1131 daAuts
     D:2: 1123 daAuts
     D:3: 922 daAuts
     D:4: 757 daAuts
     D:1: 626 daAuts
  Temple: 82 daAuts
     D:8: 53 daAuts
